 Dungeon Crawl Stone Soup version 0.21.1-1-g345015fe64 (webtiles) character file.

5 Gargoyl the Skirmisher (level 1, -2/15 HPs)
             Began as a Centaur Abyssal Knight on July 9, 2018.
             Was an Initiate of Lugonu.
             Slain by a gnoll (6 damage)
             ... on level 1 of the Dungeon.
             The game lasted 00:02:19 (617 turns).

Gargoyl the Skirmisher (Centaur Abyssal Knight)      Turns: 617, Time: 00:02:19

Health: -2/15      AC:  7    Str: 13 (14) XL:     1   Next: 66%
Magic:  2/2        EV:  8    Int:  6 (7)  God:    Lugonu [......]
Gold:   39         SH:  0    Dex: 10      Spells: 0/0 levels left

rFire    + + .     SeeInvis .   a - +1 hand axe
rCold    . . .     Gourm    .   (no shield)
rNeg     . . .     Faith    .   h - +0 ring mail
rPois    +         Spirit   .   d - +1 helmet "Koemabb" {*Drain rPois rF++}
rElec    .         Reflect  .   (no cloak)
rCorr    .         Harm     .   (no gloves)
MR       +....                  (no barding)
Stlth    ..........             (no amulet)
HPRegen  0.05/turn              g - +2 ring of dexterity
MPRegen  0.08/turn              f - ring of protection from magic

@: very quick
A: large, hooves 3, deformed body, [deterioration 2], [dopey 2], speed 2, [frail
2], [low mp 2], tough skin 3
a: Renounce Religion


You were on level 1 of the Dungeon.
You worshipped Lugonu.
Lugonu was noncommittal.
You were not hungry.

You visited 1 branch of the dungeon, and saw 1 of its levels.
You visited the Abyss 1 time.

You collected 39 gold pieces.

Inventory:

Hand Weapons
 a - a +1 hand axe (weapon)
Armour
 d - the +1 helmet "Koemabb" (worn) {*Drain rPois rF++}
   (You found it on level 2 of the Abyss)

   It greatly protects you from fire.
   It protects you from poison.
   It causes draining when unequipped.
 h - a +0 ring mail (worn)
Jewellery
 f - a ring of protection from magic (right hand)
 g - a +2 ring of dexterity (left hand)
Scrolls
 b - a scroll of immolation {unknown}
 e - 2 scrolls of identify {unknown}
Potions
 i - a potion of berserk rage {unknown}
Comestibles
 c - 2 rations


   Skills:
 + Level 3.2 Fighting
 + Level 1.8 Axes
 * Level 1.5 Armour
 + Level 0.6 Dodging
 * Level 2.0 Invocations


You couldn't memorise any spells.
You didn't know any spells.

Dungeon Overview and Level Annotations

Branches:
Dungeon (1/15)

Altars:
Ashenzari


Innate Abilities, Weirdness & Mutations

You have hooves in place of feet.
Armour fits poorly on your strangely shaped body.
You cover ground very quickly.
You have extremely tough skin. (AC +3)
[Your body often deteriorates upon taking damage.]
[You are very dopey. (Int -4)]
[You are very frail. (-20% HP)]
[Your magical capacity is very low. (-20% MP)]


Message History

The rat bites you but does no damage. The rat barely misses you.
You hit the rat but do no damage. The rat bites you.
You closely miss the rat. The rat bites you.
You closely miss the rat.
You kill the rat!
Lugonu accepts your kill.
You start resting.
HP restored.
A gnoll comes into view.
The gnoll hits you.
You hit the gnoll. You kick the gnoll, but do no damage.
The gnoll is moderately wounded.
The gnoll hits you.
* * * LOW HITPOINT WARNING * * *
Your body deteriorates!
You feel dopey.
You hit the gnoll.
The gnoll is heavily wounded.
The gnoll hits you but does no damage. The gnoll hits you.
You die...

.# .# #######
.######### #.....#
.........# #.###.#
.........# #...#.#
.........# ###.#.#
.........# #.#.#
.........#####.#.#
#...(....'.....#@#
.........#######g#
#..######.# ...
#.........# .....
..#######.#
.##.... .## #.# #.
#....# . #.# #
.....# ..# .....#
..+


You could see a gnoll.

Vanquished Creatures
  A goblin (D:1)
  A hobgoblin (D:1)
  A bat (D:1)
  3 rats (D:1)
6 creatures vanquished.

Vanquished Creatures (others)
  2 starspawn tentacles (Abyss:2)
2 creatures vanquished.

Grand Total: 8 creatures vanquished

Notes
Turn   | Place    | Note
-------+----------+-------------------------------------------
     0 | Abyss:1  | Gargoyl the Centaur Abyssal Knight began the quest for the Orb.
     0 | Abyss:1  | Reached XP level 1. HP: 19/19 MP: 2/2
    20 | Abyss:1  | Found a corrupted altar of Lugonu.
    62 | Abyss:2  | Noticed a sun demon
    62 | Abyss:2  | Noticed a large abomination
    62 | Abyss:2  | Noticed a spatial maelstrom
    62 | Abyss:2  | Noticed a wretched star
    62 | Abyss:2  | Noticed a starcursed mass
    62 | Abyss:2  | Noticed a bone dragon
    62 | Abyss:2  | Noticed a large abomination
    62 | Abyss:2  | Noticed a large abomination
    62 | Abyss:2  | Noticed a smoke demon
    62 | Abyss:2  | Noticed a raiju
    62 | Abyss:2  | Noticed an orange demon
    62 | Abyss:2  | Noticed a tentacled starspawn
    74 | Abyss:2  | Noticed a spatial vortex
    81 | Abyss:2  | Noticed a spatial vortex
   140 | Abyss:2  | Got a pitted helmet
   152 | Abyss:2  | Noticed a small abomination
   152 | Abyss:2  | Noticed a thrashing horror
   153 | D:1      | Escaped the Abyss
   159 | D:1      | Identified the +1 helmet "Koemabb" {*Drain rPois rF++} (You found it on level 2 of the Abyss)
   304 | D:1      | Found a shattered altar of Ashenzari.
   617 | D:1      | Slain by a gnoll

Action                   || total
-------------------------++-------
Melee: Hand axe          ||    14
       Kick              ||     4
Invok: Depart the Abyss  ||     1
  Use: Scroll            ||     1
       Potion            ||     1
Armor: Leather armour    ||     5
       Ring mail         ||     2
Dodge: Dodged            ||     3
